 Dungeon Crawl Stone Soup version 0.19-a0-994-g3c636f0 (webtiles) character file.

420 Charly the Carver (level 6, -3/56 HPs)
             Began as a Minotaur Berserker on July 15, 2016.
             Was a Follower of Trog.
             Slain by a giant frog (6 damage)
             ... on level 6 of the Dungeon.
             The game lasted 00:12:14 (380 turns).

Charly the Carver (Minotaur Berserker)               Turns: 380, Time: 00:12:16

Health: -3/56      AC:  5    Str: 21    XL:     6   Next: 62%
Magic:  5/5        EV: 11    Int:  4    God:    Trog [*.....]
Gold:   36         SH:  0    Dex: 12    Spells: 0 memorised, 5 levels left

rFire  . . .     SeeInvis .     a - +0 falchion
rCold  . . .     Gourm    .     g - +0 ring mail
rNeg   . . .     Faith    .     (no shield)
rPois  .         Spirit   .     (helmet restricted)
rElec  .         Dismiss  .     (no cloak)
rCorr  .         Reflect  .     (no gloves)
SustAt .         Harm     .     (no boots)
MR     ++...                    (no amulet)
Stlth  +.........               (no ring)
                                (no ring)

@: exhausted, regenerating, slowed, very slow, very resistant to hostile
enchantments, very unstealthy
A: retaliatory headbutt, horns 2
a: Berserk, Burn Spellbooks, Renounce Religion


You were on level 6 of the Dungeon.
You worshipped Trog.
Trog was aware of your devotion.
You were not hungry.

You visited 1 branch of the dungeon, and saw 6 of its levels.

You collected 36 gold pieces.

Inventory:

Hand Weapons
 a - a +0 falchion (weapon)
 e - a +0 scythe
Armour
 g - a +0 ring mail (worn)
Wands
 h - a wand of flame (25/48)
Scrolls
 b - a scroll of teleportation {unknown}
 f - a scroll of identify {unknown}
Potions
 d - a potion of magic {unknown}
 i - a potion of curing {unknown}
 j - a potion of flight {unknown}
Comestibles
 c - 3 bread rations
 k - 2 meat rations


   Skills:
 + Level 5.3 Fighting
 + Level 8.2 Long Blades
 - Level 2.4 Armour
 - Level 2.1 Dodging


You had 5 spell levels left.
You didn't know any spells.

Dungeon Overview and Level Annotations

Branches:
Dungeon (6/15)
 Temple: D:4-7

Altars:
Ru
Uskayaw

Annotations:
D:4 Edmund, Grinder


Innate Abilities, Weirdness & Mutations

You reflexively headbutt those who attack you in melee.
You have a pair of horns on your head.


Message History

You feel resistant to hostile enchantments.
You feel somewhat more hungry.
You can no longer call upon Trog for regeneration and protection from hostile enchantments.
The giant frog barely misses you.
You riposte.
You slash the giant frog!
The giant frog is heavily wounded.
You hear a distant slurping noise.
The giant frog hits you but does no damage.
The giant frog hits you.
* * * LOW HITPOINT WARNING * * *
You slash the giant frog!
The giant frog is almost dead.
The giant frog barely misses you. The giant frog hits you.
* * * LOW HITPOINT WARNING * * *
Unknown command.
You closely miss the giant frog.
The giant frog is almost dead.
The giant frog hits you.
* * * LOW HITPOINT WARNING * * *
The giant frog hits you.
You die...

### #.. #.. ... #.#
#.# #.########.#
#.# #.......<#.#
#.#
.######.#.######.#
.................##
##F####.#..........
#@# ##.#..##.####.
#.# ..........# .
#.# ##.(#.##..# #.#
#.###....# ...
......#...#
..#.#.........# ..#
#...####[.# #...
....#..#††#
.._.#.(#..#


You could see a giant frog.

Vanquished Creatures
  Sigmund (D:2)
  A black bear (D:6)
  A giant frog (D:6)
  Terence (D:2)
  A worker ant (D:5)
  3 adders
  An ooze (D:1)
  An adder skeleton (D:6)
  A worm (D:5)
  A dart slug (D:2)
  A ball python (D:2)
  A bat (D:2)
  A giant cockroach (D:1)
  3 goblins (D:2)
  A hobgoblin (D:3)
  6 jackals
  A kobold (D:2)
  2 rats
28 creatures vanquished.

Notes
Turn   | Place    | Note
-------+----------+-------------------------------------------
     0 | D:1      | Charly the Minotaur Berserker began the quest for the Orb.
     0 | D:1      | Reached XP level 1. HP: 19/19 MP: 0/0
    23 | D:1      | Reached skill level 4 in Long Blades
    56 | D:1      | You fall through a shaft!
    56 | D:2      | Noticed Sigmund
    64 | D:2      | Killed Sigmund
    64 | D:2      | Reached skill level 7 in Long Blades
    64 | D:2      | Reached XP level 2. HP: 26/26 MP: 1/1
    64 | D:2      | Reached XP level 3. HP: 31/31 MP: 2/2
    64 | D:2      | Reached XP level 4. HP: 39/39 MP: 3/3
    64 | D:2      | Reached XP level 5. HP: 45/45 MP: 4/4
   121 | D:2      | Noticed Terence
   123 | D:2      | Found a faded altar of an unknown god.
   130 | D:2      | Killed Terence
   154 | D:2      | Found a sacrificial altar of Ru.
   202 | D:3      | You fall through a shaft for 2 floors!
   202 | D:5      | Entered Level 5 of the Dungeon
   269 | D:4      | Noticed Grinder
   270 | D:4      | Noticed Edmund
   298 | D:6      | Noticed a hand axe
   300 | D:6      | Noticed a hand axe
   302 | D:6      | Found a hide-covered altar of Uskayaw.
   302 | D:6      | Noticed a black bear
   306 | D:6      | Reached XP level 6. HP: 41/53 MP: 5/5
   312 | D:6      | Reached skill level 5 in Fighting
   312 | D:6      | Reached skill level 8 in Long Blades
   330 | D:6      | Reached ** piety under Trog
   380 | D:6      | Slain by a giant frog

Vault maps used:
D:1:      elethiomel_arrival_infinity_welcomes_careful_drivers, minivault_23,
          minmay_pentomino_z2
D:2:      nicolae_overflow_crystal_walls, ashenzari_conservatory_becter,
          first_bread, ecumenical_altar_1, uniq_terence, uniq_sigmund
D:3:      lemuel_upstairs_altar, minivault_11, amethyst_killhole
D:4:      lemuel_round_altar, kennysheep_mini, kennysheep_okawaru_gauntlet,
          uniq_grinder, uniq_edmund, uniq_natasha, uniq_blork_the_orc
D:6:      kennysheep_ying_yang, dancing_weapons_uskayaw, lightli_temple_of_fire,
          grunt_dithmenos_smoke_and_mirrors

Skill      XL: |  1  2  3  4  5  6 |
---------------+-------------------+-----
Long Blades    | 7 8 |  8.2
Fighting       | 4 5 |  5.3
Armour         | |  2.4
Dodging        | |  2.1

Action                   |  1- 3 |  4- 6 || total
-------------------------+-------+-------++-------
Melee: Falchion          |     8 |    65 ||    73
       Headbutt          |     2 |    12 ||    14
Invok: Berserk           |     1 |     3 ||     4
       Trog's Hand       |       |     2 ||     2
  Eat: Beef jerky        |       |     2 ||     2
Armor: Animal skin       |     1 |     7 ||     8
       Ring mail         |       |     8 ||     8
Dodge: Dodged            |     2 |    39 ||    41
